 Dungeon Crawl Stone Soup version 0.29.0-4-gdea44cf6ec (webtiles) character file.

Game seed: 5365902691534731566

84 qw the Ruffian (level 4, 0/35 HPs)
             Began as a Ghoul Fire Elementalist on Aug 29, 2022.
             Slain by a gnoll
             ... wielding a +0 spear
              (4 damage)
             ... on level 2 of the Dungeon.
             The game lasted 00:01:43 (2609 turns).

qw the Ruffian (Ghoul Fire Elementalist)            Turns: 2609, Time: 00:01:44

Health: 0/35       AC:  8    Str: 13    XL:     4   Next: 45%
Magic:  5/5        EV: 10    Int: 10    God:
Gold:   126        SH:  0    Dex:  9    Spells: 5/6 levels left

rFire   . . .      SeeInvis .     - Unarmed
rCold   + . .      Faith    .   (no shield)
rNeg    + + +      Spirit   .   j - +0 ring mail
rPois   inf        Reflect  .   (no helmet)
rElec   .          Harm     .   (no cloak)
rCorr   +          Rampage  .   i - +2 pair of gloves
Will    .....                   (no boots)
Stlth   +.........              (no amulet)
HPRegen 0.00/turn               d - ring of resist corrosion
MPRegen 0.09/turn               (no ring)

@: about to teleport, inhibited regen
A: claws 1, cold resistance 1, negative energy resistance 3, inhibited
regeneration, torment resistance 2, devour on kill
a: no special abilities


You were on level 2 of the Dungeon.
You visited 1 branch of the dungeon, and saw 2 of its levels.

You collected 126 gold pieces.


Innate Abilities, Weirdness & Mutations

You are immune to poison.
You have sharp fingernails.
Your flesh is cold resistant. (rC+)
You are immune to negative energy. (rN+++)
You do not regenerate when monsters are visible.
You are immune to unholy pain and torment.
You thrive by killing the living.


   Skills:
 + Level 1.0 Fighting
 - Level 1.7 Dodging
 - Level 2.1 Stealth
 - Level 4.1 Unarmed Combat
 - Level 1.7 Spellcasting
 - Level 0.7 Conjurations
 - Level 2.4 Fire Magic


You had 5 spell levels left.
You knew the following spells:

 Your Spells              Type           Power      Damage    Failure   Level
a - Foxfire               Conj/Fire      16%        2x1d4     36%         1

Your spell library contained the following spells:

 Spells                   Type           Power      Damage    Failure   Level
 Scorch                   Fire           10%        2d6       36%         2
 Conjure Flame            Conj/Fire      4%         6-21      73%         3
 Inner Flame              Hex/Fire       3%         N/A       78%         3
 Flame Wave               Conj/Fire      4%         2d5       98%         4

Inventory:

Armour
 i - a +2 pair of gloves (worn)
 j - a +0 ring mail (worn)
Jewellery
 d - a ring of resist corrosion (left hand)
Scrolls
 a - 2 scrolls of vulnerability {unknown}
 b - a scroll of identify
Potions
 c - 2 potions of curing
 e - a potion of heal wounds {unknown}

Dungeon Overview and Level Annotations

Branches:
Dungeon (2/15)

Altars:


Message History

You hit the gnoll but do no damage.
The gnoll is almost dead.
The gnoll closely misses you. x2
You hit the gnoll but do no damage.
The gnoll is almost dead.
The gnoll barely misses you. x2
You barely miss the gnoll. Your punch misses the gnoll.
The gnoll is almost dead.
The gnoll misses you. The gnoll closely misses you.
You hit the gnoll.
The gnoll is almost dead.
The gnoll closely misses you. The gnoll hits you but does no damage.
You barely miss the gnoll.
The gnoll is almost dead.
The gnoll hits you with a +0 spear. The gnoll barely misses you.
You hit the gnoll.
You kill the gnoll!
You feel better. The gnoll hits you but does no damage.
Your Unarmed Combat skill increases to level 4!
2603 ||| Stepping ~*~*~tactically~*~*~ (hiding).
The gnoll hits you but does no damage.
You closely miss the gnoll. You hit the gnoll.
The gnoll is moderately wounded.
The gnoll hits you from afar with a +0 halberd.
The gnoll barely misses you.
You hit the gnoll but do no damage.
The gnoll is moderately wounded.
The gnoll hits you but does no damage. x2
You hit the gnoll.
The gnoll is moderately wounded.
The gnoll hits you from afar with a +0 halberd!
The gnoll hits you with a +0 spear.
2609 ||| READING scroll of teleportation.
As you read the scroll of teleportation, it crumbles to dust.
You feel strangely unstable.
The gnoll hits you from afar with a +0 halberd.
The gnoll hits you with a +0 spear.
You die...

#.# #.###
#.# #.#
#.########
#.#
#........#
#.#
########.#
#.# #.#
#.# #.#
#.# #.#
#@#
#.ggg....
#########


You could see 3 gnolls.

Vanquished Creatures
  An orc wizard (D:2)
  A gnoll (D:2)
  An adder (D:2)
  A worm (D:2)
  3 dart slugs
  An orc (D:2)
  7 bats
  4 endoplasms
  2 hobgoblins
  2 jackals (D:1)
  A quokka (D:2)
  4 goblins
  2 rats
30 creatures vanquished.

Notes
Turn   | Place    | Note
-------+----------+-------------------------------------------
     0 | D:1      | qw the Ghoul Fire Elementalist began the quest for the Orb.
     0 | D:1      | Reached XP level 1. HP: 14/14 MP: 2/2
     0 | D:1      | 0 ||| qw: Version: 0.1-a-90-g952f4b7
     0 | D:1      | 0 ||| qw: Game counter: 4075
     0 | D:1      | 0 ||| qw: Always use a shield: true
     0 | D:1      | 0 ||| qw: God list: Okawaru
     0 | D:1      | 0 ||| qw: Allow faded altars: false
     0 | D:1      | 0 ||| qw: Do Orc after D:15 true
     0 | D:1      | 0 ||| qw: Do second Lair branch before Depths: true
     0 | D:1      | 0 ||| qw: Lair rune preference: random
     0 | D:1      | 0 ||| qw: Plans: Normal
     0 | D:1      | 0 ||| PLANNING D:1-11
    52 | D:1      | Reached skill level 1 in Unarmed Combat
   224 | D:1      | HP: 2/14 [hobgoblin (3)]
   391 | D:1      | Reached skill level 1 in Fighting
   391 | D:1      | Reached XP level 2. HP: 15/23 MP: 3/3
   953 | D:1      | Reached skill level 2 in Unarmed Combat
  1369 | D:1      | Found a faded altar of an unknown god.
  1497 | D:1      | 1497 ||| UPGRADING to +2 pair of gloves.
  1502 | D:1      | 1502 ||| UPGRADING to +0 ring mail.
  1512 | D:1      | 1512 ||| DROPPING +0 robe.
  1513 | D:1      | 1513 ||| UPGRADING to ring of resist corrosion.
  1514 | D:1      | 1514 ||| READING scroll labelled OTUVAPNIATZ.
  1515 | D:1      | 1515 ||| READING scroll labelled JOIGACO ACYROD.
  1516 | D:1      | 1516 ||| READING 2 scrolls labelled GEMPAL UNLIUCSE.
  1521 | D:1      | 1521 ||| READING scroll labelled SYFUUX ETYSU.
  1522 | D:1      | 1522 ||| DRINKING 3 coppery potions.
  1523 | D:1      | 1523 ||| DRINKING 2 emerald potions.
  1524 | D:1      | 1524 ||| DROPPING potion of magic.
  1525 | D:1      | 1525 ||| DROPPING potion of attraction.
  1617 | D:2      | Reached XP level 3. HP: 28/28 MP: 4/4
  1648 | D:2      | 1648 ||| Stepping ~*~*~tactically~*~*~ (hiding).
  1709 | D:2      | Reached skill level 3 in Unarmed Combat
  2109 | D:2      | 2109 ||| Stepping ~*~*~tactically~*~*~ (stealth).
  2121 | D:2      | 2121 ||| Stepping ~*~*~tactically~*~*~ (stealth).
  2267 | D:2      | 2267 ||| Stepping ~*~*~tactically~*~*~ (outnumbered).
  2271 | D:2      | 2271 ||| Stepping ~*~*~tactically~*~*~ (outnumbered).
  2273 | D:2      | Reached XP level 4. HP: 25/35 MP: 5/5
  2273 | D:2      | 2273 ||| Stepping ~*~*~tactically~*~*~ (outnumbered).
  2283 | D:2      | HP: 8/35 [orc/+0 whip (3)]
  2284 | D:2      | 2284 ||| READING 2 scrolls of teleportation.
  2572 | D:2      | 2572 ||| Stepping ~*~*~tactically~*~*~ (hiding).
  2603 | D:2      | Reached skill level 4 in Unarmed Combat
  2603 | D:2      | 2603 ||| Stepping ~*~*~tactically~*~*~ (hiding).
  2608 | D:2      | HP: 8/35 [gnoll/+0 halberd (11)]
  2609 | D:2      | 2609 ||| READING scroll of teleportation.
  2609 | D:2      | Slain by a gnoll

Levels and vault maps discovered:
D:1:      saegor_arrival_under_anarchy, layout_basic,
          dilly_ecumenical_altar_fadedgnrine
D:2:      layout_loops_ring, minmay_crystal_water, minmay_puff

Skill      XL: |  1  2  3  4 |
---------------+-------------+-----
Unarmed Combat | 1 2 3 4 |  4.1
Fighting       | 1 |  1.0
Dodging        | |  1.7
Stealth        | |  2.1
Spellcasting   | |  1.7
Conjurations   | |  0.7
Fire Magic     | |  2.4

Action                   |  1- 3 |  4- 6 || total
-------------------------+-------+-------++-------
Melee: Unarmed           |   151 |    33 ||   184
       Punch             |     3 |     1 ||     4
  Use: Scroll            |     4 |     2 ||     6
       Potion            |     2 |       ||     2
 Stab: Sleeping          |     1 |       ||     1
Armor: Robe              |     8 |       ||     8
       Ring mail         |    48 |    20 ||    68
Dodge: Dodged            |    71 |    32 ||   103

Table legend:
 A = Non-vault XP
 B = Vault XP
 C = Vault XP percentage of total XP
 D = Non-vault monster count
 E = Vault monster count
 F = Vault count percentage of total count
                 A         B        C        D         E       F
            +---------+---------+-------+---------+---------+-------
      Total |     120 |       0 |   0.0 |      30 |       0 |   0.0
            +---------+---------+-------+---------+---------+-------
        D:1 |      28 |       0 |   0.0 |      15 |       0 |   0.0
        D:2 |      92 |       0 |   0.0 |      15 |       0 |   0.0
            +---------+---------+-------+---------+---------+-------
